 Dungeon Crawl Stone Soup version 0.23-a0-612-gcb482e9 (console) character file.

1192 Duffy the Magician (level 8, -3/61 HPs)
             Began as a Demonspawn Wizard on Dec 21, 2018.
             Slain by a sky beast (5 damage)
             ... on level 6 of the Dungeon.
             The game lasted 00:07:40 (6335 turns).

Duffy the Magician (Demonspawn Wizard)              Turns: 6335, Time: 00:07:41

Health: -3/61      AC: 11    Str: 11    XL:     8   Next: 20%
Magic:  16/16      EV: 13    Int: 21    God:
Gold:   258        SH:  0    Dex: 12    Spells: 7/18 levels left

rFire    + . .     SeeInvis .   l - +10 flail {protect, rPois rF+ Str+3 Stlth+}
rCold    . . .     Gourm    .   (no shield)
rNeg     . . .     Faith    .   a - +0 robe
rPois    +         Spirit   .   p - +0 helmet
rElec    .         Reflect  .   (no cloak)
rCorr    .         Harm     .   k - +1 pair of gloves
MR       .....                  (no boots)
Stlth    +++.......             (no amulet)
HPRegen  0.20/turn              (no ring)
MPRegen  0.15/turn              (no ring)

@: sanguine armour, studying Crossbows
A: hooves 2, nightstalker 1, powered by death 1, sanguine armour 1
a: no special abilities


You were on level 6 of the Dungeon.
You were not hungry.

You visited 1 branch of the dungeon, and saw 6 of its levels.

You collected 258 gold pieces.

Inventory:

Hand Weapons
 i - a +0 whip
 l - the +10 flail "Efidghor" (weapon) {protect, rPois rF+ Str+3 Stlth+}
   (You took it off an orc on level 4 of the Dungeon)

   It protects the one who uses it against injury (+AC on strike).
   It affects your strength (+3).
   It protects you from fire.
   It protects you from poison.
   It makes you more stealthy.
 r - a +1 blowgun
Missiles
 n - 3 curare-tipped needles
Armour
 a - a +0 robe (worn)
 k - a +1 pair of gloves (worn)
 p - a +0 helmet (worn)
Wands
 j - a wand of polymorph (5)
 q - a wand of disintegration (10)
Scrolls
 b - a scroll of teleportation
 c - a scroll of identify
 f - 2 scrolls of enchant weapon
 g - 4 scrolls of remove curse
 s - 3 scrolls of enchant armour
Potions
 e - 5 potions of lignification
 h - 2 potions of might
 m - 2 potions of curing
 o - a potion of ambrosia
 t - a potion of cancellation
Books
 v - a manual of Crossbows
Comestibles
 d - 13 rations


   Skills:
 + Level 4.3 Fighting
 + Level 3.4 Dodging
 - Level 1.7 Stealth
 + Level 5.9 Spellcasting
 + Level 5.6 Conjurations
 - Level 1.0 Summonings
 - Level 0.8 Translocations


You had 7 spell levels left.
You knew the following spells:

 Your Spells              Type           Power        Failure   Level  Hunger
h - Magic Dart            Conj           ####         1%          1    None
i - Call Imp              Summ           ##......     10%         2    None
l - Conjure Flame         Conj/Fire      ###.....     10%         3    ##.....
o - Mephitic Cloud        Conj/Pois/Air  ##......     14%         3    ##.....
B - Blink                 Tloc           N/A          11%         2    None

Your spell library contained the following spells:

 Spells                   Type           Power        Failure   Level  Hunger
 Slow                     Hex            #.......     16%         2    None


Dungeon Overview and Level Annotations

Branches:
Dungeon (6/15)             Temple (0/1) D:4

Altars:
Gozag
Trog


Innate Abilities, Weirdness & Mutations

You have hoof-like feet.
You are slightly more attuned to the shadows.
You regenerate a little health from kills.
When seriously injured, your bleeding wounds create armour. (AC +6)


Message History

The sky beast misses you. The sky beast barely misses you.
The sky beast completely misses you. The sky beast closely misses you.
The sky beast hits you but does no damage.
The sky beast hits you. The sky beast shocks you.
The sky beast hits you but does no damage.
The sky beast completely misses you. The sky beast misses you.
The sky beast hits you but does no damage.
The sky beast hits you but does no damage.
The sky beast flickers out of sight!
Deactivating autopickup; reactivate with Ctrl-A.
Something hits you but does no damage. Something hits you.
Something shocks you. Something hits you. Something shocks you.
Something hits you. Something shocks you. Something barely misses you.
Something hits you. Something shocks you.
You die...

...#....##....#
#...>......#.....######
#..........#....##.....
#...>......'....#......
#...###..###...##.....
##...###..###...##.....
#.........+............
#.........#.....##.....
#....@....#.....##.....
##..{##..###....##.....
#... #..# #######.....
#.... ..... #......
#.... ...... #.....)
#.... ....% #......
#.... #...... #......
##.##..


There were no monsters in sight!

Vanquished Creatures
  Pikel (D:5)
  Menkaure (D:4)
  Edmund (D:6)
  A centaur (D:5)
  An ogre (D:6)
  A scorpion (D:5)
  A jelly (D:6)
  A quasit (D:4)
  A bullfrog skeleton (D:4)
  A hound (D:4)
  An orc priest (D:4)
  A worker ant (D:4)
  A howler monkey skeleton (D:6)
  3 adders
  An ooze (D:2)
  An adder skeleton (D:5)
  A worm (D:5)
  2 dart slugs
  2 leopard geckos
  12 orcs
  4 ball pythons
  4 giant cockroaches
  8 goblins
  17 hobgoblins
  7 jackals
  10 kobolds
  5 quokkas
  11 bats
  5 frilled lizards
  A leopard gecko skeleton (D:5)
  A quokka skeleton (D:5)
  7 rats
115 creatures vanquished.

Vanquished Creatures (collateral kills)
  An orc wizard (D:4)
  2 adders
  2 worms (D:2)
  A leopard gecko (D:2)
  A jackal (D:2)
  A quokka (D:2)
  2 frilled lizards
10 creatures vanquished.

Vanquished Creatures (others)
  A slave (D:5)
  A centaur (D:5)
  An orc (D:5)
3 creatures vanquished.

Grand Total: 128 creatures vanquished

Notes
Turn   | Place    | Note
-------+----------+-------------------------------------------
     0 | D:1      | Duffy the Demonspawn Wizard began the quest for the Orb.
     0 | D:1      | Reached XP level 1. HP: 13/13 MP: 4/4
   625 | D:1      | Gained mutation: You regenerate a little health from kills.
                  | [demonic ancestry]
   625 | D:1      | Reached XP level 2. HP: 19/19 MP: 4/6
   801 | D:1      | Learned a level 2 spell: Call Imp
   804 | D:1      | Learned a level 2 spell: Blink
  1366 | D:1      | Gained mutation: You have large cloven feet. [demonic
                  | ancestry]
  1366 | D:1      | Reached XP level 3. HP: 24/24 MP: 0/8
  1705 | D:2      | Learned a level 3 spell: Conjure Flame
  2270 | D:2      | Gained mutation: You have hoof-like feet. [demonic
                  | ancestry]
  2270 | D:2      | Reached XP level 4. HP: 29/30 MP: 1/9
  2512 | D:2      | Learned a level 3 spell: Mephitic Cloud
  2589 | D:2      | Found a bloodstained altar of Trog.
  3644 | D:3      | Reached XP level 5. HP: 35/35 MP: 4/11
  4302 | D:4      | Found an opulent altar of Gozag.
  4434 | D:4      | Identified the +10 flail "Efidghor" {protect, rPois rF+
                  | Str+3 Stlth+}
  4868 | D:4      | Noticed Menkaure
  4876 | D:4      | Killed Menkaure
  4876 | D:4      | Reached skill level 1 in Fighting
  4876 | D:4      | Gained mutation: You are slightly more attuned to the
                  | shadows. [demonic ancestry]
  4876 | D:4      | Reached XP level 6. HP: 44/44 MP: 5/13
  4979 | D:4      | Reached skill level 5 in Spellcasting
  5026 | D:4      | Found a staircase to the Ecumenical Temple.
  5424 | D:5      | Entered Level 5 of the Dungeon
  5565 | D:5      | Gained mutation: When seriously injured, your bleeding
                  | wounds create armour. (AC +6) [demonic ancestry]
  5565 | D:5      | Reached XP level 7. HP: 40/51 MP: 3/14
  5683 | D:5      | Noticed Pikel
  5696 | D:5      | Killed Pikel
  5696 | D:5      | Reached skill level 5 in Conjurations
  5904 | D:6      | Reached XP level 8. HP: 60/60 MP: 16/16
  5974 | D:6      | Noticed Edmund
  5998 | D:6      | Killed Edmund
  6333 | D:6      | HP: 2/61 [something (6)]
  6335 | D:6      | Slain by a sky beast

Vault maps used:
D:1:      psy_arrival_dodecagon, minmay_statues_item
D:2:      lightli_temple_of_fire, corexii_leaking_fountain, chequers_garden
D:3:      chequers_serial_rivers_micro_e
D:4:      nicolae_overflow_crystal_walls, minmay_temple_entry_proselytizer,
          uniq_menkaure
D:5:      first_ration, minmay_manual_mares, uniq_pikel
D:6:      chequers_temple_overflow_statue_of_worship,
          nemelex_xobeh_ov_fountains_minmay, uniq_edmund

Skill      XL: |  1  2  3  4  5  6  7 |
---------------+----------------------+-----
Conjurations   | 2 3 4 5 |  5.6
Spellcasting   | 4 5 |  5.9
Fighting       | 1 2 4 |  4.3
Dodging        | 2 3 |  3.4
Stealth        | |  1.7
Summonings     | |  1.0
Translocations | |  0.8

Action                   |  1- 3 |  4- 6 |  7- 9 || total
-------------------------+-------+-------+-------++-------
Melee: Whip              |    15 |    15 |       ||    30
       Kick              |     1 |     8 |    12 ||    21
       Flail             |       |    40 |    44 ||    84
 Cast: Magic Dart        |   108 |   105 |       ||   213
       Call Imp          |     4 |     8 |       ||    12
       Conjure Flame     |       |     1 |       ||     1
  Use: Scroll            |       |    12 |       ||    12
 Stab: Sleeping          |       |     3 |     6 ||     9
  Eat: Chunk             |     4 |    10 |     3 ||    17
Armor: Robe              |    10 |    14 |    32 ||    56
Dodge: Dodged            |    29 |    59 |    43 ||   131

Table legend:
 A = Non-vault XP
 B = Vault XP
 C = Vault XP percentage of total XP
 D = Non-vault monster count
 E = Vault monster count
 F = Vault count percentage of total count
                 A         B        C        D         E       F
            +---------+---------+-------+---------+---------+-------
      Total |     698 |    1006 |  59.0 |     120 |       5 |   4.0
            +---------+---------+-------+---------+---------+-------
        D:1 |      42 |       0 |   0.0 |      27 |       0 |   0.0
        D:2 |      91 |       0 |   0.0 |      34 |       0 |   0.0
        D:3 |      83 |       0 |   0.0 |      26 |       0 |   0.0
        D:4 |     221 |     218 |  49.7 |      21 |       2 |   8.7
        D:5 |      87 |     626 |  87.8 |       6 |       2 |  25.0
        D:6 |     174 |     162 |  48.2 |       6 |       1 |  14.3
            +---------+---------+-------+---------+---------+-------
